Map: World of Sleepers LE

Players

Ziggy

  • Race: Terran Terran
  • Spawn Location: 1:00

ShaDoWn - Winner!

  • Race: Protoss Protoss
  • Spawn Location: 7:00

Event: IEM Katowice 2020

VOD

Have the link to the VOD?

Description

Time

  • Played on: Feb. 24, 2020, 5:31 a.m.
  • Length: 11:12

All games in this series

Show
View Real Time Build Order
Export as new Build Order

Ziggy Terran 

Build Orders: Gas First Reaper Expand 

Get SALT Encoding   

  12  0:00  SCV  
  13  0:12  SCV  
  14  0:17  Supply Depot  
  14  0:24  SCV  
  15  0:29  Refinery  
  15  0:43  Barracks  
  15  0:48  SCV  
  16  1:00  SCV  
  17  1:12  SCV  
  18  1:20  Engineering Bay  
  18  1:31  Reaper  
  18  1:32  Orbital Command  
  19  1:40  Engineering Bay  
  19  1:59  Command Center  
  19  2:10  Factory  
  19  2:11  Barracks Reactor  
  19  2:12  SCV  
  20  2:19  Supply Depot  
  20  2:23  Refinery  
  20  2:24  SCV  
  21  2:37  SCV  
  22  2:47  Marine x2  
  22  2:49  SCV  
  25  2:55  Widow Mine  
  27  2:59  Starport  
  27  3:01  SCV  
  27  3:05  Marine  
  28  3:06  Marine  
  31  3:17  Factory Reactor  
  31  3:18  Orbital Command, Factory Tech Lab  
  29  3:23  Marine  
  29  3:24  SCV, Marine  
  32  3:36  Orbital Command  
  32  3:40  Barracks  
  32  3:41  SCV  
  33  3:46  Marine x2  
  35  3:48  Factory Tech Lab  
  35  3:53  SCV  
  35  3:55  Starport Reactor  
  36  4:02  SCV  
  37  4:05  SCV  
  37  4:07  Marine x2  
  37  4:08  Siege Tank  
  43  4:14  SCV, Supply Depot  
  44  4:17  SCV  
  44  4:24  Supply Depot  
  45  4:26  SCV  
  45  4:27  Stimpack  
  46  4:33  Refinery  
  46  4:35  SCV  
  46  4:36  Marine x3  
  46  4:38  SCV  
  51  4:40  Medivac  
  51  4:45  Medivac  
  55  4:48  SCV  
  55  4:51  SCV  
  55  4:52  Barracks  
  57  4:59  Supply Depot  
  57  5:00  SCV, Marine x2  
  57  5:01  Factory Reactor  
  57  5:03  Marine  
  61  5:08  SCV  
  61  5:11  Supply Depot  
  62  5:20  Marine  
  62  5:21  SCV x2, Medivac  
  67  5:24  Engineering Bay  
  67  5:28  Marauder  
  69  5:30  Marine  
  69  5:33  SCV  
  69  5:34  SCV  
  72  5:36  Medivac  
  72  5:38  Marine  
  72  5:40  Marauder  
  72  5:42  Combat Shield  
  77  5:45  SCV  
  78  5:52  Supply Depot  
  78  5:54  Terran Infantry Weapons Level 1  
  78  5:56  Supply Depot  
  78  6:13  Marauder, Marine x2, Widow Mine x2  
  78  6:18  Marauder  
  88  6:21  Command Center  
  88  6:27  Medivac  
  88  6:32  Refinery  
  90  6:35  Marauder  
  92  6:42  SCV x2  
  94  6:48  Barracks  
  94  6:49  Barracks  
  94  6:50  Starport  
  94  6:54  Supply Depot  
  94  6:55  Supply Depot  
  94  6:58  SCV x2  
  94  7:00  Medivac x2  
  100  7:02  Marauder  
  102  7:12  Supply Depot  
  102  7:16  SCV x2, Marauder, Widow Mine x2, Marine x2  
  112  7:28  SCV x2  
  114  7:30  Concussive Shells  
  114  7:31  Marauder  
  114  7:33  Viking x2  
  120  7:37  Orbital Command  
  120  7:43  Marauder  
  122  7:48  Viking  
  122  7:49  Viking  
  126  7:51  Barracks Tech Lab  
  126  7:52  Barracks Tech Lab  
  126  7:56  Terran Infantry Armor Level 1  
  126  8:03  Orbital Command  
  126  8:04  Viking  
  128  8:13  Viking  
  128  8:16  Refinery  
  128  8:19  Marauder x3  
  135  8:23  Viking  
  135  8:31  Marauder, Marine  
  135  8:33  Marine  
  137  8:40  Marauder, Marine x2  
  111  8:49  Marine  
  111  8:51  Marine  
  111  8:53  Marauder  
  115  8:55  Liberator  
  115  8:57  Liberator  
  115  8:58  Marine x2  
  115  9:00  SCV x3  
  126  9:07  Liberator  
  126  9:08  Marine x2  
  131  9:12  SCV  
  131  9:13  SCV x2  
  131  9:15  Supply Depot  
  134  9:20  Marauder x2  
  134  9:21  Marauder  
  139  9:29  SCV x2  
  141  9:36  Marauder, Marine x2, Liberator  
  148  9:42  Marine  
  148  9:43  Supply Depot  
  149  9:49  Marine  
  149  9:50  Supply Depot  
  149  9:51  Marauder  
  148  9:53  Liberator  
  149  10:04  Marine x3  
  149  10:05  Marauder  
  154  10:08  Marauder  
  154  10:12  Marine  
  156  10:22  Marine  
  156  10:23  Marauder  
  156  10:24  Marine  
  156  10:26  Marauder  
  132  10:29  Marauder  
  132  10:30  Marine  
  123  10:40  Marine  
  115  10:44  Marauder  
Show
View Real Time Build Order
Export as new Build Order

ShaDoWn Protoss - Winner!

Build Orders: Colossus Rush 

Get SALT Encoding   

  12  0:00  Probe  
  13  0:12  Probe  
  14  0:16  Pylon  
  14  0:24  Probe (Chrono Boost)  
  15  0:37  Probe (Chrono Boost)  
  15  0:38  Gateway  
  16  0:44  Probe (Chrono Boost)  
  16  0:46  Assimilator  
  17  0:51  Probe  
  18  1:03  Probe  
  19  1:15  Probe  
  20  1:26  Zealot  
  20  1:27  Cybernetics Core, Probe  
  20  1:31  Pylon  
  23  1:49  Probe  
  25  2:01  Probe, Stalker (Chrono Boost)  
  25  2:05  Warp Gate  
  27  2:11  Nexus  
  27  2:17  Probe, Assimilator  
  28  2:25  Stalker (Chrono Boost)  
  30  2:36  Pylon  
  30  2:38  Probe  
  31  2:53  Probe  
  31  2:58  Stalker  
  31  3:05  Probe  
  33  3:17  Probe  
  33  3:23  Robotics Facility  
  33  3:28  Probe (Chrono Boost)  
  33  3:32  Probe (Chrono Boost)  
  35  3:38  Probe (Chrono Boost)  
  37  3:41  Probe (Chrono Boost)  
  37  3:46  Twilight Council, Probe (Chrono Boost)  
  37  3:47  Probe (Chrono Boost)  
  39  3:54  Probe, Sentry  
  42  3:55  Probe  
  41  4:06  Probe (Chrono Boost)  
  41  4:09  Probe (Chrono Boost)  
  43  4:12  Robotics Bay  
  43  4:16  Gateway  
  43  4:18  Probe (Chrono Boost)  
  43  4:19  Assimilator  
  43  4:21  Assimilator  
  43  4:24  Probe (Chrono Boost), Observer  
  46  4:27  Probe (Chrono Boost)  
  46  4:29  Pylon  
  48  4:33  Probe (Chrono Boost)  
  48  4:37  Probe (Chrono Boost), Pylon  
  49  4:39  Probe (Chrono Boost)  
  49  4:44  Probe  
  51  4:46  Probe  
  52  4:56  Probe  
  52  4:58  Probe  
  52  4:59  Colossus (Chrono Boost)  
  60  5:03  Nexus  
  60  5:05  Pylon  
  60  5:14  Pylon  
  60  5:16  Probe, Blink (Chrono Boost)  
  60  5:19  Probe  
  62  5:26  Extended Thermal Lance  
  62  5:28  Stalker  
  62  5:29  Observer  
  66  5:38  Gateway  
  64  5:47  Gateway  
  64  5:48  Gateway  
  64  5:49  Colossus (Chrono Boost)  
  70  5:57  Sentry  
  70  5:58  Zealot  
  70  5:59  Pylon  
  74  6:07  Probe  
  75  6:15  Probe  
  76  6:18  Stalker  
  76  6:23  Zealot, Forge  
  79  6:32  Probe  
  76  6:40  Shield Battery  
  76  6:41  Shield Battery  
  76  6:44  Sentry, Pylon  
  76  6:45  Stalker x3, Colossus (Chrono Boost)  
  90  7:02  Zealot  
  90  7:03  Gateway  
  90  7:08  Probe x3 (Chrono Boost)  
  95  7:10  Zealot x2  
  95  7:13  Charge (Chrono Boost)  
  95  7:14  Zealot  
  101  7:19  Gateway  
  101  7:22  Probe (Chrono Boost)  
  104  7:23  Probe (Chrono Boost)  
  104  7:26  Probe (Chrono Boost)  
  105  7:30  Probe (Chrono Boost)  
  105  7:31  Sentry  
  105  7:32  Probe (Chrono Boost)  
  105  7:34  Protoss Ground Weapons Level 1 (Chrono Boost)  
  109  7:42  Pylon  
  109  7:44  Probe  
  108  7:54  Probe  
  108  7:56  Pylon  
  108  7:57  Warp Prism (Chrono Boost)  
  108  7:58  Pylon  
  109  8:03  Stalker x3  
  117  8:05  Pylon  
  117  8:14  Probe x3  
  117  8:18  Stalker x4  
  128  8:26  Probe, Observer  
  130  8:27  Probe  
  130  8:29  Assimilator x2  
  130  8:30  Pylon  
  105  8:46  Disruptor (Chrono Boost)  
  88  8:50  Zealot x7  
  88  8:53  Probe  
  102  8:56  Probe  
  102  8:58  Robotics Facility  
  103  9:14  Nexus  
  103  9:15  Sentry  
  103  9:16  Zealot x4  
  113  9:19  Disruptor (Chrono Boost)  
  112  9:41  Templar Archives  
  112  9:42  Zealot x5  
  122  9:47  Stalker x2  
  122  9:48  Disruptor (Chrono Boost)  
  122  9:49  Disruptor (Chrono Boost)  
  132  10:00  Pylon  
  132  10:07  Sentry  
  132  10:08  Stalker x2  
  132  10:12  Sentry  
  140  10:16  Disruptor (Chrono Boost)  
  140  10:17  Disruptor (Chrono Boost)  
  140  10:19  Pylon  
  141  10:36  Stalker x6  
  121  10:58  Zealot  
  121  10:59  Zealot x6  

Tags
 
Add a new tag
Caveats
  • Supply blocks, unpowered buildings, or Contaminate may cause inaccurate times.
  • Supply counts are checked every 10 seconds.